 Seeded DCSS version 0.30-a0-739-gea05faddec (webtiles) character file.

Game seed: 4218672823355768592 (custom seed)

1327 timneilson the Shield-Bearer (level 8, -3/48 HPs)
             Began as a Gargoyle Fighter on Feb 5, 2023.
             Was an Initiate of Okawaru.
             Slain by a wight
             ... wielding a +4 great sword of freezing
              (12 damage)
             ... on level 4 of the Dungeon.
             The game lasted 00:07:54 (5238 turns).

timneilson the Shield-Bearer (Gargoyle Fighter)     Turns: 5238, Time: 00:07:55

Health: -3/48      AC: 15    Str: 19    XL:     8   Next: 60%
Magic:  8/8        EV:  6    Int: 10    God:    Okawaru [......]
Gold:   309        SH:  9    Dex: 11    Spells: 7/7 levels left

rFire   . . .      SeeInvis .    g - +1 double sword (heavy)
rCold   + . .      Faith    .    r - +0 kite shield
rNeg    + . .      Spirit   .    c - +0 chain mail
rPois   ∞          Reflect  .    (no helmet)
rElec   +          Harm     .    (no cloak)
rCorr   .          Rampage  .    (no gloves)
Will    .....                    (no boots) Stlth
                                 h - amulet of the acrobat
HPRegen 0.28/turn                (no ring)
MPRegen 0.11/turn                (no ring)

@: hasted, very quick
A: sickness immunity, AC +5, negative energy resistance 1, electricity
resistance, torment resistance 1, petrification resistance, cold resistance 1
a: Renounce Religion


You were on level 4 of the Dungeon.
You worshipped Okawaru.
Okawaru was noncommittal.
You visited 2 branches of the dungeon, and saw 7 of its levels.

You collected 309 gold pieces.

Inventory:

Hand Weapons
 a - a +0 long sword
 g - a +1 heavy double sword (weapon)
Missiles
 b - 2 throwing nets (quivered)
Armour
 c - a +0 chain mail (worn)
 r - a +0 kite shield (worn)
 s - a +0 plate armour
Jewellery
 h - an amulet of the acrobat (around neck)
Wands
 m - a wand of flame (52)
 q - a wand of charming (4)
Scrolls
 i - 5 scrolls of teleportation
 k - 3 scrolls of fear
 o - a scroll of torment
 u - a scroll of amnesia
Potions
 e - 2 potions of brilliance
 f - 3 potions of curing
 j - a potion of haste
 l - a potion of berserk rage {unknown}
 n - a potion of mutation
 p - a potion of lignification {unknown}
 t - 3 potions of flight


   Skills:
 + Level 4.9 Fighting
 * Level 4.6 Long Blades
 * Level 6.2 Armour
 + Level 2.4 Dodging
 * Level 6.3 Shields
 + Level 1.1 Invocations
 + Level 2.3 Evocations


You had 7 spell levels left.
You didn't know any spells.
Your spell library contained the following spells:

 Spells                   Type           Power      Damage    Failure   Level
 Wereblood                Tmut           0%         N/A       100%        2
 Ozocubu's Armour         Ice            0%         N/A       100%        3
 Vhi's Electric Charge    Tloc/Air       0%         N/A       100%        3
 Arcjolt                  Conj/Air       0%         1d10      100%        5
 Metabolic Englaciation   Hex/Ice        0%         N/A       100%        5
 Maxwell's Capacitive Co  Air            0%         ∞         100%        8
 Sublimation of Blood     Necr           Unusable   N/A       N/A         2
 Simulacrum               Ice/Necr       Unusable   N/A       N/A         6
 Summon Hydra             Summ           Unusable   N/A       N/A         7

Dungeon Overview and Level Annotations

Branches:
Dungeon (6/15)             Temple (1/1) D:6

Altars:
Ashenzari
Cheibriados
Dithmenos
Elyvilon
Fedhas
Gozag
Hepliaklqana
Kikubaaqudgha
Makhleb
Nemelex Xobeh
Okawaru
Qazlal
Ru
Sif Muna
Trog
Uskayaw
Vehumet
Wu Jian
Xom
Yredelemnul
Zin

Annotations:
D:5 4 runed translucent doors, Crazy Yiuf; superbruh's ghost, novice MiFi


Innate Abilities, Weirdness & Mutations

You are immune to sickness and miasma.
Your stone body is resilient. (AC +5)
You are immune to poison.
You resist negative energy. (rN+)
You are resistant to electric shocks. (rElec)
You are resistant to unholy torment.
You are immune to petrification.
Your flesh is cold resistant. (rC+)


Message History

The kobold shouts! x3
Superbruh's ghost turns its malevolent gaze towards you.
The kobold shouts!
The kobold brigand shouts!
The kobold shouts!
You see here a +0 whip.
There is a stone staircase leading up here.
You climb upwards.
Found a scroll of teleportation.
There is a stone staircase leading down here.
Found an ancient bone altar of Kikubaaqudgha.
Done exploring.
There is a stone staircase leading down here.
You climb downwards.
Level annotation: 4 runed translucent doors, Crazy Yiuf; superbruh's ghost, novice MiFi
There is a stone staircase leading up here.
There is a stone staircase leading up here.
You climb upwards.
There is a stone staircase leading down here.
You now have 309 gold pieces (gained 12).
Found 9 stones.
You see here 9 stones. 2 wights come into view.
A wight is wielding a +4 great sword of freezing.
You slash the wight!
The wight is heavily damaged.
The wight hits you with a +4 great sword of freezing!
You block the wight's attack.
You closely miss the wight.
The wight is heavily damaged.
The wight hits you with a +4 great sword of freezing!
The wight freezes you. The wight barely misses you.
You closely miss the wight.
The wight is heavily damaged.
You block the wight's attack.
The wight hits you with a +4 great sword of freezing!
* * * LOW HITPOINT WARNING * * *
The wight freezes you.
* * * LOW HITPOINT WARNING * * *
It was a potion of haste.
You feel yourself speed up.
The wight hits you with a +4 great sword of freezing!
You die...

.# #.# .#
#.# .#
##.# .#
#..# .##
#.##
..### #.#
..... #.#
..###
#.#####.#
.##
#...zz@.#
.#
#..######
.# .#
.####
....#
###.# #.#
#.#


You could see 2 wights.

Vanquished Creatures
  Eustachio (D:5)
  A water moccasin (D:5)
  A black bear (D:5)
  A sky beast (D:5)
  An ice beast (D:5)
  An ogre (D:6)
  2 bullfrogs
  A necrophage (D:6)
  2 scorpions (D:4)
  A howler monkey (D:6)
  A jelly (D:5)
  A gnoll bouda (D:6)
  An iguana (D:6)
  Ijyb (D:5)
  3 orc wizards
  5 adders
  3 gnolls (D:6)
  2 white imps
  An ufetubus (D:5)
  2 worms
  A dart slug (D:4)
  17 orcs
  4 ball pythons
  3 bats
  7 endoplasms
  3 giant cockroaches (D:1)
  9 goblins
  8 hobgoblins
  3 jackals (D:1)
  6 kobolds
  4 quokkas
  3 frilled lizards
  5 rats
105 creatures vanquished.

Notes
Turn   | Place    | Note
-------+----------+-------------------------------------------
     0 | D:1      | timneilson the Gargoyle Fighter began the quest for the
                  | Orb.
     0 | D:1      | Reached XP level 1. HP: 14/14 MP: 1/1
   180 | D:1      | Reached XP level 2. HP: 6/19 MP: 2/2
   471 | D:1      | Reached XP level 3. HP: 23/23 MP: 3/3
  1520 | D:2      | Reached XP level 4. HP: 26/28 MP: 4/4
  1819 | D:2      | Identified a scroll of acquirement
  1819 | D:2      | Acquired a +1 heavy double sword
  2608 | D:4      | Reached XP level 5. HP: 33/33 MP: 5/5
  2652 | D:4      | Reached skill level 1 in Dodging
  2889 | D:4      | Reached XP level 6. HP: 38/38 MP: 6/6
  2982 | D:4      | Reached skill level 1 in Evocations
  3051 | D:5      | Entered Level 5 of the Dungeon
  3101 | D:5      | Found an opulent altar of Gozag.
  3164 | D:5      | Found a runed translucent gate.
  3164 | D:5      | Found a runed translucent gate.
  3164 | D:5      | Found a runed translucent gate.
  3165 | D:5      | Noticed superbruh's ghost (novice MiFi)
  3263 | D:5      | Noticed Ijyb
  3264 | D:5      | Noticed a water moccasin
  3275 | D:5      | Killed a water moccasin
  3276 | D:5      | Reached skill level 5 in Armour
  3276 | D:5      | Reached skill level 5 in Shields
  3276 | D:5      | Reached XP level 7. HP: 43/43 MP: 7/7
  3277 | D:5      | Killed Ijyb
  3746 | D:5      | Found a runed translucent door.
  3747 | D:5      | Noticed Crazy Yiuf
  3853 | D:5      | Reached XP level 8. HP: 48/48 MP: 8/8
  3929 | D:5      | Noticed Eustachio
  3945 | D:5      | Killed Eustachio
  4237 | D:6      | Found a staircase to the Ecumenical Temple.
  4244 | Temple   | Entered the Ecumenical Temple
  4520 | Temple   | Became a worshipper of Warmaster Okawaru
  4714 | D:6      | Reached skill level 1 in Invocations
  4742 | D:6      | Gained mutation: Your flesh is cold resistant. (rC+)
                  | [potion of mutation]
  5137 | D:4      | Found an ancient bone altar of Kikubaaqudgha.
  5238 | D:4      | Slain by a wight

Illustrated notes

Levels and vault maps discovered:
D:1:      dpeg_arrival_more_subterranean_lakeside_camping, layout_basic,
          serial_curves, eino_curves_01, eino_curves_02
D:2:      layout_basic
D:3:      layout_basic, hex_medium
D:4:      layout_loops_ring, nicolae_overflow_hidden_temple
D:5:      layout_loops_ring, grunt_gozag_statues, gammafunk_ghost_nasty_kobolds,
          nrook_loot_triangle, kennysheep_generic_room_14,
          uniq_crazy_yiuf_cottage, uniq_ijyb, uniq_eustachio
D:6:      hellmonk_ruined_rings, layout_loops_ring, minmay_temple_entry_tees
Temple:   compressed_dpeg_triangle_lava_temple

Skill      XL: |  1  2  3  4  5  6  7  8 |
---------------+-------------------------+-----
Long Blades    | 2 3 4 |  4.6
Shields        | 4 5 6 |  6.3
Armour         | 4 5 6 |  6.2
Dodging        | 1 2 |  2.4
Fighting       | 4 |  4.9
Evocations     | 1 2 |  2.3
Invocations    | 1 |  1.1

Action                     |  1- 3 |  4- 6 |  7- 9 || total
---------------------------+-------+-------+-------++-------
  Melee: Long sword        |   142 |     3 |       ||   145
         Double sword      |       |    89 |    90 ||   179
    Use: Scroll            |     4 |     7 |     3 ||    14
         Potion            |       |       |     4 ||     4
 Armour: Scale mail        |    68 |    37 |       ||   105
         Chain mail        |       |    35 |   103 ||   138
  Dodge: Dodged            |    69 |    53 |    41 ||   163
  Block: Buckler           |    41 |     8 |       ||    49
         Kite shield       |       |    35 |    71 ||   106

Table legend: (Time is in decaauts)
 A = Elapsed time spent in this place.
 B = Non-inter-level travel time spent in this place.
 C = Inter-level travel time spent in this place.
 D = Time resting spent in this place.
 E = Time spent auto-exploring this place.
 F = Levels seen in this place.
 G = Mean time per level.
                   A        B        C        D        E       F      G
               +--------+--------+--------+--------+--------+-----+--------+
         Total |   5484 |   5384 |    100 |     10 |   4146 |   7 |  783.4 |
       Dungeon |   5188 |   5106 |     82 |     10 |   3906 |   6 |  864.7 |
        Temple |    295 |    277 |     18 |      0 |    240 |   1 |  295.0 |
               +--------+--------+--------+--------+--------+-----+--------+

Top non-repeatable levels by time:
     D:5: 1256 daAuts
     D:2: 1031 daAuts
     D:1: 849 daAuts
     D:3: 751 daAuts
     D:6: 653 daAuts
     D:4: 645 daAuts
  Temple: 295 daAuts
